 Dungeon Crawl Stone Soup version 0.25-a0-426-g7d9e569eea (webtiles) character file.

Game seed: 2846226812044856732, levelgen mode: deterministic

1612 kae the Transmogrifier (level 8, -1/59 HPs)
             Began as a Purple Draconian Transmuter on Jan 24, 2020.
             Was a Follower of Uskayaw.
             Succumbed to a water moccasin's poison
             ... on level 6 of the Dungeon.
             The game lasted 00:09:00 (7709 turns).

kae the Transmogrifier (DrTm)                       Turns: 7709, Time: 00:09:01

Health: -1/59      AC:  2    Str: 11 (13) XL:     8   Next: 63%
Magic:  7/12       EV: 19    Int: 11 (14) God:    Uskayaw [*.....]
Gold:   353        SH:  0    Dex: 12 (18) Spells: 2/13 levels left

rFire    . . .     SeeInvis .     - Unarmed
rCold    . . .     Gourm    .   (shield currently unavailable)
rNeg     . . .     Faith    .   (armour unavailable)
rPois    x         Spirit   .   (helmet currently unavailable)
rElec    .         Reflect  .   (cloak currently unavailable)
rCorr    .         Harm     .   (gloves currently unavailable)
MR       +....                  (boots currently unavailable)
Stlth    +.........             (no amulet)
HPRegen  0.19/turn              (no ring)
MPRegen  0.13/turn              (no ring)

@: lethally poisoned (-1 -> -29), spider-form (expiring), very slightly
contaminated, starving, studying Unarmed Combat
A: tiny, (breathe power), unfitting armour, AC +6
a: End Transformation, Stomp, Renounce Religion


You were on level 6 of the Dungeon.
You worshipped Uskayaw.
Uskayaw was noncommittal.
You were starving.
You were a venomous arachnid creature.
You visited 2 branches of the dungeon, and saw 8 of its levels.

You collected 353 gold pieces.

Inventory:

Hand Weapons
 d - a +0 whip of electrocution (melded)
Missiles
 a - 80 arrows
Wands
 b - a wand of flame (25)
Scrolls
 e - a scroll of fog
 k - 4 scrolls of remove curse
 m - a scroll of enchant armour
Potions
 f - 2 potions of brilliance
 g - a potion of magic
 i - 2 potions of lignification
 j - a potion of might
Books
 n - a manual of Unarmed Combat
Comestibles
 c - 12 rations


   Skills:
 - Level 1.1 Fighting
 - Level 1.7 Dodging
 + Level 3.0 Unarmed Combat
 - Level 3.1 Spellcasting
 - Level 10.2 Transmutations
 - Level 4.2 Invocations


You had 2 spell levels left.
You knew the following spells:

 Your Spells              Type           Power        Failure   Level  Hunger
a - Beastly Appendage     Tmut           ###...       3%          1    #......
b - Sticks to Snakes      Tmut           ###.....     4%          2    ###....
c - Spider Form           Tmut/Pois      ##........   24%         3    ###....
d - Blade Hands           Tmut           ###.......   26%         5    ######.

Your spell library contained the following spells:

 Spells                   Type           Power        Failure   Level  Hunger
 Ice Form                 Ice/Tmut       ##......     54%         4    #####..


Dungeon Overview and Level Annotations

Branches:
Dungeon (7/15)             Temple (1/1) D:5

Altars:
Cheibriados
Dithmenos
Fedhas
Gozag
Hepliaklqana
Kikubaaqudgha
Makhleb
Nemelex Xobeh
Okawaru
Qazlal
Ru
Sif Muna
Trog
Uskayaw
Vehumet
Wu Jian
Yredelemnul
Zin
The Shining One

Shops:
D:5 (

Annotations:
D:5 4 runed translucent doors, Crazy Yiuf; MewIchigo's ghost, novice GrFi


Innate Abilities, Weirdness & Mutations

((You can breathe bolts of dispelling energy.))
((Your rich purple scales are hard. (AC +6)))
You cannot fit into any form of body armour.
((You are cold-blooded and may be slowed by cold attacks.))


Message History

The water moccasin misses you. x2
Okay, then.
Okay, then.
Okay, then.
As you read the scroll of teleportation, it crumbles to dust.
You feel strangely unstable.
* * * LOW HITPOINT WARNING * * *
You feel very sick. The water moccasin misses you.
Your transformation is almost over.
* * * LOW HITPOINT WARNING * * *
You feel very sick.
The water moccasin completely misses you.
Your surroundings suddenly seem different.
* * * LOW HITPOINT WARNING * * *
You feel very sick.
You're too hungry to rest.
* * * LOW HITPOINT WARNING * * *
You feel very sick.
You die...

......##............#......#..##.
......#.........#...##....###....
................##..##....# #....
...................###....# ##...
#.........................####...
#...#.....####.....#........##...
##.##......#......###..#....###..
#####............# ##.#.........
#####..........s.# ##...........
##.##........>....###...#........
##.#..............#.#.....###....
#......................#..#.#....
.................#....)##.......#
.#.#............###.......#.....#
#######....##...###.......#.....#
##........................#
#.................#.......#


There were no monsters in sight!

Vanquished Creatures
  Eustachio (D:5)
  Edmund (D:5)
  An ice beast (D:5)
  A black bear (D:3)
  A centaur (D:5)
  2 bullfrogs (D:6)
  3 scorpions
  3 howler monkeys
  2 crimson imps
  A bullfrog zombie (D:6)
  A bullfrog skeleton (D:4)
  A jelly (D:5)
  3 orc priests
  3 orc wizards
  2 iguanas
  3 worker ants
  A killer bee zombie (D:6)
  A hound zombie (D:6)
  A hound skeleton (D:3)
  A howler monkey skeleton (D:4)
  8 adders
  2 shadow imps (D:5)
  An adder skeleton (D:4)
  2 worms (D:2)
  2 dart slugs
  2 leopard geckos
  27 orcs
  A ball python (D:1)
  8 bats
  4 giant cockroaches
  6 goblins
  7 hobgoblins
  8 jackals
  3 quokkas
  7 frilled lizards
  A kobold (D:3)
  6 rats
  13 fungi (D:3)
141 creatures vanquished.

Vanquished Creatures (others)
  3 toadstools (D:3)
3 creatures vanquished.

Grand Total: 144 creatures vanquished

Notes
Turn   | Place    | Note
-------+----------+-------------------------------------------
     0 | D:1      | kae the Draconian Transmuter began the quest for the Orb.
     0 | D:1      | Reached XP level 1. HP: 16/16 MP: 3/3
   334 | D:1      | Reached XP level 2. HP: 23/23 MP: 5/5
   441 | D:1      | Reached skill level 3 in Transmutations
   881 | D:2      | Reached XP level 3. HP: 25/28 MP: 6/6
  1354 | D:2      | Reached skill level 4 in Transmutations
  1711 | D:3      | Reached XP level 4. HP: 35/35 MP: 7/7
  1718 | D:3      | Learned a level 2 spell: Sticks to Snakes
  1722 | D:3      | Learned a level 3 spell: Spider Form
  1854 | D:3      | Found a snail-covered altar of Cheibriados.
  2257 | D:3      | Noticed a black bear
  2266 | D:3      | Killed a black bear
  2266 | D:3      | Reached skill level 5 in Transmutations
  2266 | D:3      | Reached XP level 5. HP: 18/40 MP: 8/8
  2573 | D:3      | Found a bloodstained altar of Trog.
  2821 | D:3      | Reached skill level 6 in Transmutations
  3313 | D:3      | Reached XP level 6. HP: 41/47 MP: 6/9
  3512 | D:4      | Reached skill level 7 in Transmutations
  3856 | D:4      | Found a hide-covered altar of Uskayaw.
  3997 | D:4      | Found a bloodstained altar of Trog.
  4091 | D:4      | Found a blossoming altar of Fedhas.
  4094 | D:4      | Found an ancient bone altar of Kikubaaqudgha.
  4326 | D:5      | Entered Level 5 of the Dungeon
  4355 | D:5      | Found a staircase to the Ecumenical Temple.
  4375 | Temple   | Entered the Ecumenical Temple
  4777 | D:5      | Noticed Eustachio
  4848 | D:4      | Became a worshipper of Uskayaw the Reveler
  5079 | D:4      | Reached * piety under Uskayaw
  5080 | D:4      | Your scales start taking on a rich purple colour.
  5080 | D:4      | Reached XP level 7. HP: 47/52 MP: 6/10
  5081 | D:4      | Reached ** piety under Uskayaw
  5296 | D:4      | Reached skill level 8 in Transmutations
  5888 | D:5      | Reached skill level 9 in Transmutations
  6179 | D:5      | Noticed MewIchigo's ghost (novice GrFi)
  6180 | D:5      | Found a runed translucent gate.
  6184 | D:5      | Found a runed translucent gate.
  6184 | D:5      | Found a runed translucent gate.
  6240 | D:5      | Found a runed translucent door.
  6241 | D:5      | Noticed Crazy Yiuf
  6314 | D:5      | Reached XP level 8. HP: 59/59 MP: 11/11
  6325 | D:5      | Found a glowing golden altar of the Shining One.
  6326 | D:5      | Found a shadowy altar of Dithmenos.
  6326 | D:5      | Found a hazy altar of Hepliaklqana.
  6334 | D:5      | Found an opulent altar of Gozag.
  6337 | D:5      | Found a radiant altar of Vehumet.
  6451 | D:5      | Noticed Edmund
  6464 | D:5      | Killed Edmund
  6548 | D:5      | Killed Eustachio
  6548 | D:5      | Reached skill level 10 in Transmutations
  6646 | D:5      | Found Xocyiwel's Antique Weapon Shop.
  6770 | D:6      | Reached *** piety under Uskayaw
  6771 | D:6      | Reached skill level 1 in Invocations
  7345 | D:6      | Learned a level 5 spell: Blade Hands
  7708 | D:6      | HP: 1/59 [poisoned by a water moccasin]
  7709 | D:6      | Succumbed to a water moccasin's poison

Levels and vault maps discovered:
D:1:      dpeg_arrival_rooms_c, layout_loops_cross,
          minmay_misc_feat_four_crosses
D:2:      layout_basic
D:3:      layout_basic, kennysheep_slug_shrine, bloody_trog,
          minmay_gold_behind_fungi, minivault_24, grunt_ministairs_4
D:4:      layout_loops_ring, grunt_temple_overflow_growth_and_decay,
          marbit_many_paths, first_ration, trog_butcher_becter
D:5:      layout_cave_pools, minmay_overflow_temple_star_hex,
          minmay_temple_entry_antechambers, serial_shops, kennysheep_mini_moat,
          gammafunk_ghost_split, minmay_manual_monstrance, uniq_edmund,
          uniq_eustachio, uniq_crazy_yiuf_cottage
D:6:      layout_cave_pools
D:7:      layout_basic, chequers_temple_overflow_minitemple, uniq_menkaure
Temple:   jpeg_temple_island

Skill      XL: |  1  2  3  4  5  6  7  8 |
---------------+-------------------------+-----
Transmutations | 3 4 5 6 7 9 10 | 10.2
Spellcasting   | 3 |  3.1
Invocations    | 4 |  4.2
Fighting       | |  1.1
Dodging        | |  1.7
Unarmed Combat | |  3.0

Action                   |  1- 3 |  4- 6 |  7- 9 || total
-------------------------+-------+-------+-------++-------
Melee: Whip              |   127 |   207 |    99 ||   433
       Kick              |    14 |       |       ||    14
       Tailslap          |    10 |    36 |     7 ||    53
       Headbutt          |     5 |       |       ||     5
       Unarmed           |     1 |    66 |   122 ||   189
       Punch             |       |     3 |     3 ||     6
 Cast: Beastly Appendage |    15 |     1 |     2 ||    18
       Spider Form       |       |    10 |    15 ||    25
Invok: Stomp             |       |       |     1 ||     1
 Abil: Breathe Dispellin |       |       |     3 ||     3
  Use: Scroll            |     9 |     6 |     7 ||    22
       Potion            |       |     1 |     7 ||     8
 Stab: Sleeping          |     1 |       |       ||     1
       Paralysed         |       |       |     1 ||     1
  Eat: Chunk             |     3 |    12 |    10 ||    25
Armor: Skin              |    49 |    33 |    72 ||   154
Dodge: Dodged            |    94 |   135 |   220 ||   449

Table legend:
 A = Non-vault XP
 B = Vault XP
 C = Vault XP percentage of total XP
 D = Non-vault monster count
 E = Vault monster count
 F = Vault count percentage of total count
                 A         B        C        D         E       F
            +---------+---------+-------+---------+---------+-------
      Total |    1684 |     619 |  26.9 |     115 |      13 |  10.2
            +---------+---------+-------+---------+---------+-------
        D:1 |      21 |       0 |   0.0 |      12 |       0 |   0.0
        D:2 |      70 |       0 |   0.0 |      23 |       0 |   0.0
        D:3 |     284 |       8 |   2.7 |      23 |       3 |  11.5
        D:4 |     429 |       7 |   1.6 |      29 |       4 |  12.1
        D:5 |     370 |     604 |  62.0 |      16 |       6 |  27.3
        D:6 |     510 |       0 |   0.0 |      12 |       0 |   0.0
            +---------+---------+-------+---------+---------+-------
